Map: Aura Śmierci ER

Players

Zireael

  • Race: Protoss Protoss
  • League: Master
  • Spawn Location: 5:00

SI 1 (Bardzo łatwa) - Winner!

  • Race: Terran Terran
  • Spawn Location: 11:00

VOD

Have the link to the VOD?

Description

Time

  • Played on: July 9, 2020, 9:38 a.m.
  • Length: 6:35
Show
View Real Time Build Order
Export as new Build Order

Zireael Protoss 

Build Orders: 1 Gate Expand 

Get SALT Encoding   

  12  0:00  Probe  
  13  0:12  Probe  
  14  0:17  Pylon  
  14  0:23  Probe  
  15  0:31  Probe  
  15  0:38  Gateway  
  15  0:40  Probe  
  16  0:45  Assimilator  
  17  0:51  Probe  
  18  1:03  Probe  
  19  1:15  Probe  
  20  1:22  Nexus  
  20  1:31  Cybernetics Core  
  20  1:34  Probe  
  20  1:39  Assimilator  
  21  1:46  Probe  
  22  1:51  Pylon  
  22  1:58  Probe  
  22  1:59  Adept  
  23  2:09  Warp Gate  
  23  2:10  Probe  
  26  2:16  Twilight Council  
  26  2:22  Probe  
  26  2:29  Stalker  
  29  2:30  Probe x2  
  31  2:38  Probe  
  31  2:39  Probe  
  33  2:48  Probe  
  34  2:51  Robotics Facility  
  34  2:55  Probe  
  35  3:00  Probe  
  35  3:03  Charge  
  36  3:15  Gateway  
  36  3:24  Gateway  
  36  3:30  Gateway  
  36  3:31  Gateway  
  36  3:32  Immortal  
  38  3:35  Gateway  
  40  3:52  Gateway  
  40  3:54  Gateway  
  40  4:00  Pylon  
  40  4:05  Warp Prism  
  40  4:12  Zealot x2  
  40  4:17  Pylon  
  46  4:28  Zealot x3  
  52  4:34  Pylon  
  52  4:35  Zealot x2  
  56  4:51  Zealot x3  
  62  4:55  Pylon  
  62  5:14  Zealot x8  
  78  5:39  Pylon  
  78  5:40  Pylon  
  78  6:14  Zealot x6  
  78  6:15  Zealot x2  
Show
View Real Time Build Order
Export as new Build Order

SI 1 (Bardzo łatwa) Terran - Winner!

Build Orders:  

Get SALT Encoding   

  12  0:00  SCV  
  13  0:13  SCV  
  14  0:19  Supply Depot  
  14  0:37  Refinery  
  14  0:43  Barracks  
  14  1:03  Supply Depot  
  14  1:12  Refinery  
  14  1:29  Orbital Command  
  14  1:30  Marine  
  15  1:49  Barracks Tech Lab  
  15  1:55  SCV  
  16  2:07  SCV  
  17  2:14  Marine  
  18  2:19  SCV  
  19  2:31  SCV  
  20  2:43  SCV  
  21  2:55  SCV  
  22  2:59  Marauder  
  24  4:50  SCV  
  24  5:13  SCV  
  24  5:15  Marine  
  24  5:18  Supply Depot  
  21  5:44  Marauder  
  23  6:12  Marine  
Tags
 
Add a new tag
Caveats
  • Supply blocks, unpowered buildings, or Contaminate may cause inaccurate times.
  • Supply counts are checked every 10 seconds.